Map: Port Aleksander LE

Players

Fishkiller

  • Race: Terran Terran
  • League: Master
  • Spawn Location: 5:00

Bundaberg - Winner!

  • Race: Zerg Zerg
  • League: Master
  • Spawn Location: 11:00

VOD

Have the link to the VOD?

Description

Time

  • Played on: Feb. 1, 2019, 12:04 a.m.
  • Length: 6:28
Show
View Real Time Build Order
Export as new Build Order

Fishkiller Terran 

Build Orders: Reaper Expand, Hellion Banshee 

Get SALT Encoding   

  12  0:00  SCV  
  13  0:13  SCV  
  14  0:18  Supply Depot  
  14  0:25  SCV  
  15  0:39  SCV  
  15  0:41  Barracks  
  16  0:45  Refinery  
  16  0:52  SCV  
  17  1:04  SCV  
  18  1:16  SCV  
  19  1:28  Reaper  
  19  1:29  Orbital Command  
  20  1:44  Command Center  
  20  1:55  SCV  
  20  2:00  Marine  
  22  2:06  Refinery  
  22  2:07  SCV  
  23  2:08  Supply Depot  
  23  2:25  Factory  
  23  2:27  Barracks Reactor  
  23  2:30  SCV  
  24  2:42  SCV  
  25  2:54  SCV  
  26  3:12  Starport  
  26  3:17  SCV  
  26  3:19  Barracks Tech Lab, Hellion x2  
  31  3:22  Orbital Command  
  31  3:29  SCV  
  32  3:40  Hellion x2  
  36  3:41  SCV  
  36  3:42  Supply Depot  
  37  3:52  SCV  
  37  3:53  SCV  
  39  4:01  Hellion x2  
  43  4:05  SCV  
  43  4:07  SCV  
  45  4:11  Banshee, Supply Depot  
  45  4:13  Cloaking Field  
  48  4:17  SCV  
  48  4:20  SCV  
  48  4:21  Barracks Tech Lab  
  48  4:23  Hellion x2  
  54  4:32  SCV  
  54  4:36  SCV, Supply Depot  
  54  4:38  Supply Depot  
  56  4:45  SCV  
  55  4:50  SCV  
  56  4:54  Banshee  
  59  5:05  Marine  
  53  5:10  SCV x2  
  53  5:13  Refinery  
  53  5:14  Refinery  
  55  5:18  Engineering Bay, Command Center  
  55  5:20  Engineering Bay  
  55  5:22  SCV  
  55  5:24  Barracks, SCV  
  57  5:34  SCV  
  43  5:52  Hellion  
  32  6:15  SCV  
Show
View Real Time Build Order
Export as new Build Order

Bundaberg Zerg - Winner!

Build Orders: Pool First 

Get SALT Encoding   

  12  0:01  Drone  
  13  0:13  Overlord  
  13  0:18  Drone  
  14  0:31  Drone  
  14  0:32  Drone  
  16  0:35  Drone  
  17  0:46  Spawning Pool  
  17  0:49  Drone  
  17  0:59  Drone  
  18  1:14  Hatchery  
  18  1:15  Extractor  
  16  1:19  Drone  
  17  1:33  Queen  
  17  1:39  Zergling x2  
  22  1:40  Zergling x4  
  22  1:50  Overlord  
  22  2:09  Drone, Queen  
  22  2:13  Drone  
  26  2:28  Queen  
  28  2:31  Drone x2  
  30  2:39  Drone  
  30  2:40  Drone  
  32  2:44  Metabolic Boost  
  32  2:46  Drone x3  
  35  3:01  Overlord  
  35  3:02  Drone  
  36  3:10  Overlord x2  
  36  3:27  Lair  
  36  3:29  Drone  
  36  3:30  Drone  
  36  3:32  Drone, Hatchery  
  36  3:34  Drone  
  39  3:36  Drone  
  39  3:39  Drone  
  41  3:42  Drone  
  42  3:54  Overlord  
  42  3:57  Drone  
  42  3:58  Drone x4  
  47  4:04  Extractor  
  47  4:07  Roach Warren, Drone x2  
  47  4:09  Extractor  
  46  4:17  Zergling x2  
  46  4:18  Zergling x2  
  46  4:20  Queen  
  50  4:34  Overlord, Nydus Network  
  49  4:42  Overseer  
  49  4:47  Roach x4  
  49  4:49  Overlord x2  
  49  4:50  Zergling x2  
  49  4:51  Zergling x2  
  60  4:52  Zergling x2  
  59  5:11  Queen  
  61  5:21  Nydus Canal  
  61  5:22  Roach  
  61  5:23  Roach x7  
  61  5:27  Roach  
  76  5:45  Roach x6  
Tags
 
Add a new tag
Caveats
  • Supply blocks, unpowered buildings, or Contaminate may cause inaccurate times.
  • Supply counts are checked every 10 seconds.